 Dungeon Crawl Stone Soup version 0.30-a0-930-gb9d0489357 (webtiles) character file.

Game seed: 2654839106874269478

283 mopl the Sneak (level 6, 0/30 HPs)
             Began as a Vine Stalker Enchanter on Mar 23, 2023.
             Was an Initiate of Kikubaaqudgha.
             Slain by an orc
             ... wielding a +0 hand axe
              (3 damage)
             ... in the Ecumenical Temple.
             The game lasted 00:03:36 (2782 turns).

mopl the Sneak (Vine Stalker Enchanter)             Turns: 2782, Time: 00:03:37

Health: 0/30       AC:  2    Str: 10    XL:     6   Next: 28%
Magic:  0/12       EV: 12    Int: 17    God:    Kikubaaqudgha [......]
Gold:   118        SH:  0    Dex: 15    Spells: 0/11 levels left

rFire   . . .      SeeInvis .    a - +1 dagger
rCold   . . .      Faith    .    (no shield)
rNeg    . . .      Spirit   +    k - +0 robe of the Evil One {Will+ rCorr}
rPois   .          Reflect  .    (no helmet)
rElec   .          Rampage  .    (no cloak)
rCorr   +                        (no gloves)
Will    +....                    (no boots)
Stlth   +++                      (no amulet)
HPRegen 1.05/turn                (no ring)
MPRegen 0.13/turn                (no ring)

@: no status effects
A: fangs 2, regeneration 1, magic shield, antimagic bite, no potion heal 2
a: Renounce Religion


You were in the Ecumenical Temple.
You worshipped Kikubaaqudgha.
Kikubaaqudgha was noncommittal.
You visited 2 branches of the dungeon, and saw 5 of its levels.

You collected 118 gold pieces.

Inventory:

Hand Weapons
 a - a +1 dagger (weapon)
Missiles
 e - 4 boomerangs
Armour
 k - the +0 robe of the Evil One (worn) {Will+ rCorr}
   (You found it on level 2 of the Dungeon)

   rCorr:     It protects you from acid and corrosion.
   Will:      It increases your willpower.
Wands
 m - a wand of digging (2)
Scrolls
 b - a scroll of magic mapping {unknown}
 g - 2 scrolls of identify {unknown}
 h - 2 scrolls of enchant weapon {unknown}
 j - 2 scrolls of amnesia {unknown}
 l - a scroll of teleportation {unknown}
 n - a scroll of brand weapon {unknown}
 q - a scroll of poison {unknown}
Potions
 c - 2 potions of invisibility
 d - a potion of curing {unknown}
 f - 3 potions of heal wounds {unknown}
 i - a potion of haste {unknown}
 o - a potion of mutation {unknown}
 p - a potion of brilliance {unknown}
 r - a potion of attraction {unknown}


   Skills:
 + Level 2.1 Fighting
 + Level 2.4 Short Blades
 - Level 1.5 Dodging
 + Level 5.1 Stealth
 + Level 3.4 Spellcasting
 + Level 4.0 Hexes
 + Level 0.1 Necromancy


You couldn't memorise any spells.
You knew the following spells:

 Your Spells              Type           Power      Damage    Failure   Level
a - Dazzling Flash        Conj/Hex       18%        N/A       22%         3
b - Ensorcelled Hibernat  Hex/Ice        18%        N/A       11%         2
c - Confusing Touch       Hex            16%        N/A       10%         3
d - Tukima's Dance        Hex            16%        N/A       10%         3

Your spell library contained the following spells:

 Spells                   Type           Power      Damage    Failure   Level
 Kiss of Death            Conj/Necr      12%        2d6       16%         1
 Sublimation of Blood     Necr           3%         N/A       24%         2
 Dispel Undead            Necr           3%         3d7       83%         4
 Petrify                  Tmut/Erth      2%         N/A       86%         4
 Irradiate                Conj/Tmut      1%         3d12      99%         5


Dungeon Overview and Level Annotations

Branches:
Dungeon (4/15)             Temple (1/1) D:4

Altars:
Ashenzari
Cheibriados
Dithmenos
Elyvilon
Fedhas
Gozag
Hepliaklqana
Kikubaaqudgha
Makhleb
Nemelex Xobeh
Okawaru
Qazlal
Ru
Sif Muna
Trog
Uskayaw
Vehumet
Wu Jian
Xom
Yredelemnul
Zin
The Shining One

Shops:
D:2 [

Annotations:
D:3 3 runed translucent doors, alfthe's ghost, weakling DgFi


Innate Abilities, Weirdness & Mutations

You have extremely sharp teeth.
Your natural rate of healing is unusually fast.
When hurt, damage is shared between your health and your magic reserves.
Your bite disrupts and absorbs the magic of your enemies.
Potions cannot restore your health.


Message History

The orc hits you but does no damage.
The orc priest hits you with a +0 flail.
* * * LOW HITPOINT WARNING * * *
The orc wizard hits you with a +0 dagger.
You barely miss the orc priest. You bite the orc priest.
You kill the orc priest!
Kikubaaqudgha accepts your kill.
The orc grunts noisily.
The orc closely misses you.
The orc wizard casts a spell.
The orc wizard flickers and vanishes!
Deactivating autopickup; reactivate with Ctrl-A.
Casting: Ensorcelled Hibernation (safe; 11% risk of failure)
Confirm with . or Enter, or press ? or * to list all spells.
The spell is quite dangerous to miscast (22% risk of failure)!
Continue anyway?
Casting: Dazzling Flash (quite dangerous; 22% risk of failure)
Press: ? - help, Dir - look around, f - activate The orc closely misses you.
Something hits you.
* * * LOW HITPOINT WARNING * * *
Unknown command.
Unknown command.
You hit the orc. Your bite misses the orc.
The orc is moderately wounded.
The orc hits you with a +0 hand axe.
* * * LOW HITPOINT WARNING * * *
Something hits you.
* * * LOW HITPOINT WARNING * * *
You hit the orc. Your bite misses the orc.
The orc is heavily wounded.
The orc hits you with a +0 hand axe.
* * * LOW HITPOINT WARNING * * *
Something hits you.
* * * LOW HITPOINT WARNING * * *
You closely miss the orc. Your bite misses the orc.
The orc is heavily wounded.
You hit the orc.
The orc is almost dead.
The orc hits you with a +0 hand axe.
You die...
Kikubaaqudgha rasps: "You have failed me!
Welcome... death!"

.###
###..#..###
###..#..###
###. ##
##...##
##...## ##
.###
###..#..###
###..#..###
###. ...#
#...###...#
#...###...#
#... ##.#
#.### ###.#
#.### ###.#
#.##
#.###.#
#.###.#
#.###.#
#..#..#
#..#..#
#..#..#
##...##
##.o.##
##...##
##.## #.@{#
##.##
##...##
##..)##
##...##
#..#..#
#..#..#
#..#..#
##.###.###
###.###.###
###.###.##
...#
#...###...#
#...###...#
#... .###
###..#..###
###..#..###
###. ##
##...##
##...## ##
.###
###..#..###
###..#..###
###. ...#
#...###...#
#...###...#
#...


You could see an orc.

Vanquished Creatures
  Grinder (D:3)
  An orc priest (Temple)
  2 adders (D:2)
  A worm (D:3)
  2 dart slugs
  An orc (Temple)
  6 endoplasms
  A giant cockroach (D:2)
  7 goblins
  6 hobgoblins
  7 kobolds
  A quokka (D:1)
  3 ball pythons
  2 bats (D:3)
  5 frilled lizards
  4 rats
50 creatures vanquished.

Notes
Turn   | Place    | Note
-------+----------+-------------------------------------------
     0 | D:1      | mopl the Vine Stalker Enchanter began the quest for the
                  | Orb.
     0 | D:1      | Reached XP level 1. HP: 9/9 MP: 4/4
    78 | D:1      | Reached skill level 1 in Short Blades
   429 | D:1      | Reached XP level 2. HP: 13/13 MP: 6/6
   434 | D:1      | Learned a level 2 spell: Ensorcelled Hibernation
   976 | D:2      | Found Jeazes's Armour Emporium.
  1037 | D:2      | Reached skill level 4 in Stealth
  1049 | D:2      | Reached XP level 3. HP: 14/17 MP: 7/7
  1053 | D:2      | Learned a level 3 spell: Confusing Touch
  1062 | D:2      | Identified the +0 robe of the Evil One {Will+ rCorr}
  1213 | D:2      | Reached skill level 1 in Fighting
  1591 | D:2      | Gained mutation: Your natural rate of healing is unusually
                  | fast. [Vine Stalker growth]
  1591 | D:2      | Reached XP level 4. HP: 18/22 MP: 7/9
  1602 | D:2      | Learned a level 3 spell: Tukima's Dance
  1669 | D:3      | Noticed a phantom
  1672 | D:3      | Noticed alfthe's ghost (weakling DgFi)
  1700 | D:3      | Found a runed translucent gate.
  1700 | D:3      | Found a runed translucent gate.
  1700 | D:3      | Found a runed translucent gate.
  1746 | D:3      | Found an iron altar of Okawaru.
  1876 | D:3      | Noticed Grinder
  2095 | D:3      | Found a faded altar of an unknown god.
  2116 | D:3      | Killed Grinder
  2117 | D:3      | Reached skill level 2 in Fighting
  2117 | D:3      | Reached skill level 2 in Short Blades
  2117 | D:3      | Reached skill level 5 in Stealth
  2117 | D:3      | Reached skill level 3 in Spellcasting
  2117 | D:3      | Reached XP level 5. HP: 16/26 MP: 2/11
  2117 | D:3      | Reached XP level 6. HP: 18/30 MP: 2/12
  2126 | D:3      | Reached skill level 4 in Hexes
  2130 | D:3      | Learned a level 3 spell: Dazzling Flash
  2289 | D:4      | Found a staircase to the Ecumenical Temple.
  2324 | Temple   | Entered the Ecumenical Temple
  2697 | Temple   | Became a worshipper of Kikubaaqudgha
  2780 | Temple   | HP: 1/30 [something (2)]
  2782 | Temple   | Slain by an orc

Illustrated notes

Levels and vault maps discovered:
D:1:      psy_arrival_terrarium, layout_basic, grunt_decor_junction
D:2:      layout_loops_ring, serial_shops, nicolae_shop_hallway_plus
D:3:      layout_basic, mainiacjoe_overflow_tiny_flanked,
          shapermc_ecumenical_altar_starsandcircs, gammafunk_ghost_split,
          uniq_grinder
D:4:      cheibrodos_old_hovel, layout_gridville,
          minmay_temple_entry_antechambers
Temple:   roderic_octagonal_lattice_temple

Skill      XL: |  1  2  3  4  5  6 |
---------------+-------------------+-----
Short Blades   | 1 2 |  2.4
Stealth        | 4 5 |  5.1
Fighting       | 1 2 |  2.1
Spellcasting   | 3 |  3.4
Hexes          | 4 |  4.0
Dodging        | |  1.5
Necromancy     | |  0.1

Action                     |  1- 3 |  4- 6 || total
---------------------------+-------+-------++-------
  Melee: Dagger            |    83 |    48 ||   131
         Punch             |     2 |     2 ||     4
         Bite              |    13 |    10 ||    23
   Cast: Confusing Touch   |       |     1 ||     1
         Ensorcelled Hiber |       |     3 ||     3
         Dazzling Flash    |       |     1 ||     1
   Stab: Sleeping          |    14 |     3 ||    17
         Confused          |       |     3 ||     3
         Distracted        |       |     1 ||     1
 Armour: Robe              |     7 |     6 ||    13
  Dodge: Dodged            |    39 |    30 ||    69

Table legend: (Time is in decaauts)
 A = Elapsed time spent in this place.
 B = Non-inter-level travel time spent in this place.
 C = Inter-level travel time spent in this place.
 D = Time resting spent in this place.
 E = Time spent auto-exploring this place.
 F = Levels seen in this place.
 G = Mean time per level.
                   A        B        C        D        E       F      G
               +--------+--------+--------+--------+--------+-----+--------+
         Total |   2772 |   2660 |    112 |     76 |   2160 |   5 |  554.4 |
       Dungeon |   2350 |   2277 |     73 |     68 |   1831 |   4 |  587.5 |
        Temple |    422 |    384 |     38 |      8 |    329 |   1 |  422.0 |
               +--------+--------+--------+--------+--------+-----+--------+

Top non-repeatable levels by time:
     D:1: 925 daAuts
     D:2: 702 daAuts
     D:3: 603 daAuts
  Temple: 422 daAuts
     D:4: 119 daAuts
